 Dungeon Crawl Stone Soup version 0.23-a0-61-g4bf3f6c (webtiles) character file.

60 Amnesiac the Conjurer (level 3, -3/24 HPs)
             Began as a Mummy Conjurer on Aug 9, 2018.
             Was an Initiate of Dithmenos.
             Slain by a gnoll
             ... wielding a +0 club
              (8 damage)
             ... on level 2 of the Dungeon.
             The game lasted 00:03:23 (2165 turns).

Amnesiac the Conjurer (Mummy Conjurer)              Turns: 2165, Time: 00:03:24

Health: -3/24      AC:  2    Str: 11    XL:     3   Next: 80%
Magic:  1/8        EV: 11    Int: 15    God:    Dithmenos [......]
Gold:   56         SH:  4    Dex: 12    Spells: 3/9 levels left

rFire    x . .     SeeInvis .   a - +4 mace
rCold    + . .     Gourm    .   h - +1 buckler
rNeg     + + +     Faith    .   e - +0 robe
rPois    ∞         Spirit   .   (no helmet)
rElec    .         Reflect  .   (no cloak)
rCorr    .         Harm     .   (no gloves)
MR       .....                  (no boots)
Stlth    ++........             (no amulet)
HPRegen  0.08/turn              (no ring)
MPRegen  0.11/turn              (no ring)

@: no status effects
A: no food or potions, fire vulnerability, cold resistance 1, negative energy
resistance 3, torment resistance, unbreathing
a: Renounce Religion


You were on level 2 of the Dungeon.
You worshipped Dithmenos.
Dithmenos was noncommittal.
You were not hungry.

You visited 2 branches of the dungeon, and saw 5 of its levels.

You collected 56 gold pieces.

Inventory:

Hand Weapons
 a - a +4 mace (weapon)
Missiles
 c - 2 curare-tipped needles
 d - 89 stones (quivered)
 g - 12 sling bullets
Armour
 e - a +0 robe (worn)
 h - a +1 buckler (worn)
 i - a cursed +0 leather armour
 k - a +0 ring mail
Scrolls
 b - a scroll of enchant armour {!r}
 f - a scroll of fear {!r}
 j - a scroll of amnesia {!r}
 l - a scroll of remove curse {!r}
 m - a scroll of enchant weapon {!r}


   Skills:
 - Level 1.5 Dodging
 - Level 1.5 Stealth
 + Level 0.9 Shields
 + Level 3.8 Spellcasting
 * Level 3.9 Conjurations


You had 3 spell levels left.
You knew the following spells:

 Your Spells              Type           Power        Failure   Level  Hunger
a - Magic Dart            Conj           ##..         5%          1    N/A
b - Dazzling Spray        Conj/Hex       #.....       34%         3    N/A
d - Searing Ray           Conj           ##....       9%          2    N/A

Your spell library contained the following spells:

 Spells                   Type           Power        Failure   Level  Hunger
 Iskenderun's Mystic Bla  Conj           ##......     47%         4    N/A
 Fulminant Prism          Conj/Hex       #.........   75%         4    N/A
 Force Lance              Conj/Tloc      #.......     75%         4    N/A

Dungeon Overview and Level Annotations

Branches:
Dungeon (4/15)             Temple (1/1) D:4

Altars:
Dithmenos
Gozag
Hepliaklqana
Kikubaaqudgha
Makhleb
Nemelex Xobeh
Okawaru
Qazlal
Sif Muna
Trog
Uskayaw
Vehumet
Wu Jian
Xom
The Shining One

Annotations:
D:2 Jessica
D:3 Ijyb


Innate Abilities, Weirdness & Mutations

You do not eat or drink.
Your flesh is vulnerable to fire.
You are immune to poison.
Your flesh is cold resistant. (rC+)
You are immune to negative energy. (rN+++)
You are immune to unholy pain and torment.
You can survive without breathing.


Message History

Dithmenos accepts your kill.
Casting: Magic Dart (safe; 6% risk of failure)
Confirm with . or Enter, or press ? or * to list all spells.
Aiming: Searing Ray (safe; 9% risk of failure)
Press: ? - help, Shift-Dir - straight line, f - gnoll
Aim: a gnoll, wielding a halberd The searing ray hits the gnoll.
The gnoll is heavily wounded. (Press . to maintain the ray.)
The gnoll barely misses you.
The searing ray hits the gnoll.
You kill the gnoll!
Dithmenos accepts your kill.
The searing ray hits the kobold.
You kill the kobold!
Dithmenos accepts your kill.
You see here a frilled lizard corpse.
Casting: Searing Ray (safe; 9% risk of failure)
Confirm with . or Enter, or press ? or * to list all spells.
Aiming: Magic Dart (safe; 5% risk of failure)
Press: ? - help, Shift-Dir - straight line, f - gnoll
Aim: a gnoll, wielding a club and wearing a scale mail The magic dart hits the gnoll.
Casting: Magic Dart (safe; 5% risk of failure)
Confirm with . or Enter, or press ? or * to list all spells.
Aiming: Magic Dart (safe; 5% risk of failure)
Press: ? - help, Shift-Dir - straight line, f/p - gnoll
Aim: a gnoll, wielding a club and wearing a scale mail The magic dart hits the gnoll.
The gnoll barely misses you.
Casting: Magic Dart (safe; 5% risk of failure)
Confirm with . or Enter, or press ? or * to list all spells.
Aiming: Magic Dart (safe; 5% risk of failure)
Press: ? - help, Shift-Dir - straight line, f/p - gnoll
Aim: a gnoll, wielding a club and wearing a scale mail The magic dart hits the gnoll.
The gnoll barely misses you.
Casting: Magic Dart (safe; 5% risk of failure)
Confirm with . or Enter, or press ? or * to list all spells.
Aiming: Magic Dart (safe; 5% risk of failure)
Press: ? - help, Shift-Dir - straight line, f/p - gnoll
Aim: a gnoll, wielding a club and wearing a scale mail The magic dart hits the gnoll.
The gnoll is lightly wounded.
The gnoll barely misses you.
Casting: Magic Dart (safe; 5% risk of failure)
Confirm with . or Enter, or press ? or * to list all spells.
You don't have enough magic to cast that spell.
Casting: Magic Dart (safe; 5% risk of failure)
Confirm with . or Enter, or press ? or * to list all spells.
You don't have enough magic to cast that spell.
You hit the gnoll.
The gnoll is moderately wounded.
The gnoll barely misses you.
You hit the gnoll.
The gnoll is heavily wounded.
The gnoll hits you with a club! The gnoll hits you with a club.
* * * LOW HITPOINT WARNING * * *
You closely miss the gnoll.
The gnoll is heavily wounded.
The gnoll hits you with a club!
* * * LOW HITPOINT WARNING * * *
You hit the gnoll but do no damage.
The gnoll is heavily wounded.
The gnoll hits you with a club!
You die...

##.## #<## #.# #.# #.# #.#
#### #.# #.# ..# #.# #.#
#.# #.# #.# #.###########
#.# #.#
###..†........###.######.#
#........g@<#..........#.#
#.#########.##.##.###%.#.#
#†## #..............##
#..#.####
####.##.........#
#.###)..# #.##.####.....
## #.##.# #.#.#.........
#.g # #.##.##....... ##@
#.##.##.###..# .K
#%......# #...


You could see a gnoll.

Vanquished Creatures
  A gnoll (D:2)
  2 adder skeletons
  A worm (D:4)
  A dart slug (D:1)
  2 leopard geckos (D:2)
  5 bats
  A giant cockroach (D:3)
  5 goblins
  3 hobgoblins
  6 frilled lizards
  7 kobolds
  8 rats
42 creatures vanquished.

Notes
Turn   | Place    | Note
-------+----------+-------------------------------------------
     0 | D:1      | Amnesiac the Mummy Conjurer began the quest for the Orb.
     0 | D:1      | Reached XP level 1. HP: 13/13 MP: 4/4
   421 | D:2      | Reached XP level 2. HP: 18/19 MP: 3/6
   425 | D:2      | Learned a level 2 spell: Searing Ray
  1329 | D:3      | Reached XP level 3. HP: 24/24 MP: 2/8
  1334 | D:3      | Learned a level 3 spell: Dazzling Spray
  1421 | D:4      | Found a staircase to the Ecumenical Temple.
  1428 | Temple   | Entered the Ecumenical Temple
  1647 | Temple   | Became a worshipper of Dithmenos the Shadowed
  1774 | D:3      | Noticed Ijyb
  2141 | D:2      | Noticed Jessica
  2165 | D:2      | Slain by a gnoll

Vault maps used:
D:1:      saegor_arrival_under_anarchy, hangedman_decor_lopped,
          minmay_pentomino_w2
D:2:      marbit_many_paths, first_ration, st_stairs_1, uniq_jessica
D:3:      lemuel_doored_altar, uniq_ijyb, uniq_terence
D:4:      kennysheep_little_box, kennysheep_mini, minmay_temple_entry_junction,
          ebering_ghost_gozag, minmay_strange_pillars
Temple:   regret_index_temple_generic_petals

Skill      XL: |  1 |
---------------+----+-----
Spellcasting   | 3 |  3.8
Dodging        | |  1.5
Stealth        | |  1.5
Shields        | |  0.9
Conjurations   | |  3.9

Action                   || total
-------------------------++-------
Melee: Mace              ||    17
       Unarmed           ||     2
 Cast: Magic Dart        ||    63
       Searing Ray       ||     2
  Use: Scroll            ||     6
 Stab: Sleeping          ||     2
       Distracted        ||     1
Armor: Robe              ||    11
Dodge: Dodged            ||    27
Block: Buckler           ||     7

Table legend:
 A = Non-vault XP
 B = Vault XP
 C = Vault XP percentage of total XP
 D = Non-vault monster count
 E = Vault monster count
 F = Vault count percentage of total count
 G = Total turns spent on level
                 A         B        C        D         E       F
            +---------+---------+-------+---------+---------+-------
      Total |      78 |       8 |   9.3 |      38 |       4 |   9.5
            +---------+---------+-------+---------+---------+-------
        D:1 |       9 |       6 |  40.0 |       7 |       2 |  22.2
        D:2 |      39 |       2 |   4.9 |      17 |       2 |  10.5
        D:3 |      18 |       0 |   0.0 |      10 |       0 |   0.0
        D:4 |      12 |       0 |   0.0 |       4 |       0 |   0.0
            +---------+---------+-------+---------+---------+-------
